 Dungeon Crawl Stone Soup version 0.29.1-1-gd02db6906a (webtiles) character file.

Game seed: 11319792618759336084

114 Hyperenough the Chopper (level 4, 0/40 HPs)
             Began as a Minotaur Fighter on Oct 21, 2022.
             Slain by an iguana (11 damage)
             ... on level 3 of the Dungeon.
             The game lasted 00:04:10 (2006 turns).

Hyperenough the Chopper (Minotaur Fighter)          Turns: 2006, Time: 00:04:11

Health: 0/40       AC:  9    Str: 22    XL:     4   Next: 66%
Magic:  3/3        EV:  7    Int:  5    God:
Gold:   92         SH:  4    Dex: 10    Spells: 3/3 levels left

rFire   . . .      SeeInvis .   a - +0 war axe
rCold   . . .      Faith    .   c - +0 buckler
rNeg    . . .      Spirit   .   l - +0 chain mail
rPois   .          Reflect  .   (helmet restricted)
rElec   .          Harm     .   (no cloak)
rCorr   .          Rampage  .   (no gloves)
Will    .....                   (no boots)
Stlth   ..........              (no amulet)
HPRegen 0.13/turn               (no ring)
MPRegen 0.08/turn               (no ring)

@: no status effects
A: horns 2, retaliatory headbutt
a: no special abilities


You were on level 3 of the Dungeon.
You visited 1 branch of the dungeon, and saw 3 of its levels.

You collected 92 gold pieces.

Inventory:

Hand Weapons
 a - a +0 war axe (weapon)
Missiles
 g - 5 javelins (quivered)
 j - 5 boomerangs
Armour
 c - a +0 buckler (worn)
 l - a +0 chain mail (worn)
Potions
 b - a potion of cancellation {unknown}
 d - 2 potions of might
 f - a potion of flight {unknown}
 h - a potion of curing {unknown}
 i - a potion of haste {unknown}
 m - a potion of berserk rage {unknown}


   Skills:
 + Level 4.0 Fighting
 * Level 5.0 Axes
 + Level 4.0 Armour
 + Level 4.1 Shields


You had 3 spell levels left.
You didn't know any spells.
Your spell library contained the following spells:

 Spells                   Type           Power      Damage    Failure   Level
 Gell's Gravitas          Tloc           0%         N/A       100%        3
 Lesser Beckoning         Tloc           0%         N/A       100%        3
 Teleport Other           Tloc           0%         N/A       100%        3


Dungeon Overview and Level Annotations

Branches:
Dungeon (3/15)

Altars:
Cheibriados
Gozag
Trog


Innate Abilities, Weirdness & Mutations

You have a pair of horns on your head.
You reflexively headbutt those who attack you in melee.


Message History

There is a stone staircase leading down here.
Things that are here:
a +0 scale mail; a +0 dagger
There is a stone staircase leading down here.
You climb downwards.
There is a stone staircase leading up here.
As you open the door, it creaks loudly!
There is an open door here.
Found an escape hatch in the ceiling.
Found a stone staircase leading down.
Found a stone staircase leading down.
You open the door.
There is an open door here.
There is a stone staircase leading down here.
Found a stone staircase leading up.
You now have 92 gold pieces (gained 3).
A worm and an iguana come into view.
The iguana hisses angrily.
An orc comes into view. It is wielding a +0 falchion.
An orc priest comes into view. It is wielding a +0 short sword.
There is a stone staircase leading up here.
You slash the worm!
The worm is almost dead.
The worm bites you!
You hit the worm.
You kill the worm!
You slash the iguana!
The iguana is heavily wounded.
The iguana bites you.
You barely miss the iguana.
The iguana is heavily wounded.
The iguana bites you! The iguana bites you.
You hit the iguana but do no damage.
The iguana is heavily wounded.
The iguana bites you!
* * * LOW HITPOINT WARNING * * *
You barely miss the iguana.
The iguana is heavily wounded.
The iguana bites you!
You die...

#.......# #.#.<.#.# #..
#.####### #.#...#.# ###
##...## #.#.#.#.#
#.....# #.#.#>#.#
#.....# #.#.#...#
#.....# #.#.###.# .
#.....# #.#. ..# o.
#.....######.#####.#
o..
####'#........@l.#.#
.... #.#.......###.#.#
.....
#.##.######...#.#......
#.....>...#....<......#
####.####.#####.#.#####
#........... ..# #
#.#.#####.#. w...
######## #.......#
###### #.......
#.>.###.#.# #.#####.


You could see an iguana.

Vanquished Creatures
  Jessica (D:3)
  2 adders (D:2)
  2 worms
  A dart slug (D:1)
  4 orcs (D:3)
  5 bats
  5 endoplasms
  A giant cockroach (D:1)
  4 goblins
  4 hobgoblins
  4 jackals (D:2)
  5 quokkas
  4 ball pythons
  3 frilled lizards (D:2)
  5 kobolds
  5 rats
55 creatures vanquished.

Notes
Turn   | Place    | Note
-------+----------+-------------------------------------------
     0 | D:1      | Hyperenough the Minotaur Fighter began the quest for the
                  | Orb.
     0 | D:1      | Reached XP level 1. HP: 19/19 MP: 0/0
    88 | D:1      | Reached XP level 2. HP: 27/27 MP: 1/1
   269 | D:1      | Reached skill level 3 in Axes
   677 | D:1      | Found a faded altar of an unknown god.
   831 | D:1      | Reached XP level 3. HP: 33/33 MP: 2/2
   935 | D:2      | Found a bloodstained altar of Trog.
   974 | D:2      | You fall into a shaft and drop 1 floor!
  1302 | D:3      | Found a snail-covered altar of Cheibriados.
  1302 | D:3      | Found an opulent altar of Gozag.
  1349 | D:3      | Noticed Jessica
  1350 | D:3      | Killed Jessica
  1351 | D:3      | Reached skill level 4 in Axes
  1351 | D:3      | Reached XP level 4. HP: 40/40 MP: 3/3
  1626 | D:2      | Reached skill level 5 in Axes
  2006 | D:3      | Slain by an iguana

Illustrated notes

Levels and vault maps discovered:
D:1:      dpeg_arrival_arbitrary_a, layout_basic, basic_ecumenical_altar
D:2:      layout_rooms, basic_altar
D:3:      layout_basic, gammafunk_temple_overflow_elements, uniq_jessica

Skill      XL: |  1  2  3  4 |
---------------+-------------+-----
Axes           | 3 4 5 |  5.0
Shields        | 4 |  4.1
Armour         | 4 |  4.0
Fighting       | 4 |  4.0

Action                   |  1- 3 |  4- 6 || total
-------------------------+-------+-------++-------
Melee: War axe           |    66 |    31 ||    97
       Headbutt          |     9 |     4 ||    13
  Use: Scroll            |     2 |     3 ||     5
Armor: Scale mail        |    27 |       ||    27
       Chain mail        |       |    12 ||    12
Dodge: Dodged            |    28 |    10 ||    38
Block: Buckler           |    12 |    11 ||    23
